 Dungeon Crawl Stone Soup version 0.31-a0-152-g6aa68a64a1 (webtiles) character file.

Game seed: 12676308943785825818

17747 qw the Marksgargoyle (level 12, -3/77 HPs)
             Began as a Gargoyle Hunter on June 11, 2023.
             Was an Elder of Okawaru.
             Slain by a death yak (11 damage)
             ... on level 2 of the Lair of Beasts.
             The game lasted 00:04:50 (9765 turns).

qw the Marksgargoyle (Gargoyle Hunter)              Turns: 9765, Time: 00:04:51

Health: -3/77      AC: 22    Str: 14    XL:     12   Next: 51%
Magic:  13/14      EV: 21    Int: 12    God:    Okawaru [****..]
Gold:   254        SH:  0    Dex: 23    Spells: 11/11 levels left

rFire   . . .        Y - +1 longbow (flame)
rCold   . . .        (shield currently unavailable)
rNeg    + + .        h - +0 robe of Conoog {Fly rN+}
rPois   inf          f - +1 helmet
rElec   +            (no cloak)
rCorr   .            g - +2 pair of gloves
SInv    .            o - +0 pair of boots
Will    .....        (no amulet)
Stlth   ++++         d - +4 ring of protection
HPRegen 0.32/turn    k - +6 ring of dexterity
MPRegen 0.14/turn

%: no passive effects
@: heroic, flying
A: sickness immunity, AC +8, negative energy resistance 1, electricity
resistance, torment resistance 1, petrification resistance, low MP 1, noise
suppression
a: Renounce Religion, Heroism, Finesse


You were on level 2 of the Lair of Beasts.
You worshipped Okawaru.
Okawaru was greatly pleased with you.
You visited 3 branches of the dungeon, and saw 11 of its levels.
You also visited: Ossuary.

You collected 738 gold pieces.
You spent 484 gold pieces at shops.


Innate Abilities, Weirdness & Mutations

You are immune to sickness and miasma.
Your stone body is resilient. (AC +8)
You are immune to poison.
You resist negative energy. (rN+)
You are resistant to electric shocks. (rElec)
You are resistant to unholy torment.
You are immune to petrification.
Your magical capacity is low. (-10% MP)
You passively dampen the noise of your surroundings.


   Skills:
 - Level 10.0(15.0) Fighting
 - Level 16.0(21.0) Ranged Weapons
 - Level 3.0(8.0) Armour
 + Level 6.4(11.4) Dodging
 - Level 1.1(6.1) Stealth
 + Level 5.0 Invocations


You had 11 spell levels left.
You didn't know any spells.
Your spell library was empty.

Inventory:

Hand Weapons
 Y - a +1 longbow of flaming (weapon)
Armour
 e - a +0 ring mail
 f - a +1 helmet (worn)
 g - a +2 pair of gloves (worn)
 h - the +0 robe of Conoog (worn) {Fly rN+}
   (You took it off a gnoll on level 7 of the Dungeon)

   rN:        It protects you from negative energy.
   Fly:       It grants you flight.
 o - a +0 pair of boots (worn)
Jewellery
 d - a +4 ring of protection (left hand)
 i - an amulet of guardian spirit
 k - a +6 ring of dexterity (right hand)
 n - a ring of resist corrosion
 q - a ring of protection from fire
Wands
 p - a wand of digging (7)
Scrolls
 c - 4 scrolls of identify
Potions
 a - 4 potions of attraction
 b - a potion of magic
 j - 4 potions of curing
 l - 2 potions of mutation
 m - a potion of lignification

Dungeon Overview and Level Annotations

Branches:
Dungeon (8/15)             Temple (1/1) D:7            Lair (2/5) D:8
Ossuary (visited)
  Swamp: Lair:2-3    Shoals: Lair:2-3     Snake: Lair:2-3    Spider: Lair:2-3

Altars:
Ashenzari
Elyvilon
Fedhas
Gozag
Kikubaaqudgha
Makhleb
Nemelex Xobeh
Okawaru
Qazlal
Ru
Sif Muna
Trog
Uskayaw
Vehumet
Yredelemnul
Zin
The Shining One

Shops:
D:8 *

Annotations:
D:3 1 runed translucent door, Crazy Yiuf


Message History

The arrow burns the death yak.
You kill the death yak!
Okawaru is honoured by your kill. The death yak gores you!
The death yak completely misses you.
Your Invocations skill increases to level 5!
9755 ||| DRINKING potion of heal wounds.
You feel much better.
The death yak gores you but does no damage.
The death yak gores you.
You shoot an arrow.
The arrow hits the death yak but does no damage.
The death yak is lightly wounded.
The death yak closely misses you. The death yak completely misses you.
You shoot an arrow. The arrow barely misses the death yak.
The death yak gores you! The death yak misses you.
You shoot an arrow.
The arrow hits the death yak but does no damage.
The death yak is lightly wounded.
You shoot an arrow. The arrow hits the death yak!
The arrow burns the death yak.
The death yak is moderately wounded.
The death yak gores you but does no damage.
The death yak misses you.
You shoot an arrow. The arrow hits the death yak.
The arrow burns the death yak.
The death yak is moderately wounded.
The death yak closely misses you. The death yak barely misses you.
You shoot an arrow. The arrow hits the death yak!!
The arrow burns the death yak.
The death yak is heavily wounded.
You shoot an arrow. The arrow hits the death yak.
The arrow burns the death yak.
The death yak is heavily wounded.
The death yak barely misses you. The death yak gores you.
You shoot an arrow. The arrow hits the death yak!
The arrow burns the death yak.
The death yak is severely wounded.
The death yak gores you but does no damage.
The death yak gores you!
You shoot an arrow. The arrow barely misses the death yak.
You shoot an arrow.
The arrow completely misses the death yak.
The death yak gores you!
You die...

##...........P.##
##.............## .
.............%##
............#....##
#.%........P......#
#... #............#
....?###%.......#....
.....%##.......######
#.....Y@.......#
##....Y%........#
#.....>..##.#..#
...##.###.#####.# ..
#. .## ..# . .. . .#
.. 8 ...


You could see 2 death yaks.

Vanquished Creatures
  A hydra (D:8)
  A catoblepas (Lair:1)
  A centaur warrior (D:8)
  2 death yaks (Lair:2)
  A two-headed ogre (D:8)
  2 manticores (D:8)
  Joseph (D:7)
  5 elephants (Lair:1)
  3 cane toads
  3 black mambas
  A torpor snail (Lair:1)
  2 komodo dragons
  A tengu conjurer (D:8)
  A troll (D:8)
  Grinder (D:5)
  9 blink frogs
  A wyvern (D:7)
  9 yaks (Lair:1)
  2 steam dragons (D:8)
  An acid dragon (D:8)
  8 water moccasins
  A black bear (D:7)
  An orc warrior (D:8)
  3 ogres (D:5)
  4 wolves (Lair:1)
  5 centaurs
  A kobold brigand (D:4)
  A phantom (D:7)
  An elf zombie (Ossuary)
  8 bullfrogs
  A gnoll sergeant (D:7)
  3 scorpions
  6 wights
  An electric eel (D:8)
  7 howler monkeys
  4 hounds
  3 jellies
  An orc priest (D:5)
  Jessica (D:3)
  6 iguanas
  Natasha (twice) (D:3)
  4 orc wizards
  3 mummies (Ossuary)
  Robin (D:3)
  26 gnolls
  10 adders
  A white imp (D:7)
  2 ufetubi (D:5)
  3 adder zombies (Ossuary)
  2 worms
  A dart slug (D:2)
  49 orcs
  9 ball pythons
  8 bats
  11 endoplasms
  4 giant cockroaches
  2 gnoll zombies (Ossuary)
  5 goblins
  14 hobgoblins
  18 jackals
  2 quokkas
  3 frilled lizards
  2 goblin zombies (Ossuary)
  2 hobgoblin zombies (Ossuary)
  6 kobolds
  3 kobold zombies (Ossuary)
  2 quokka zombies (Ossuary)
  5 rats
  3 rat zombies (Ossuary)
317 creatures vanquished.

Notes
Turn   | Place    | Note
-------+----------+-------------------------------------------
     0 | D:1      | qw the Gargoyle Hunter began the quest for the Orb.
     0 | D:1      | Reached XP level 1. HP: 12/12 MP: 1/1
     0 | D:1      | 0 ||| qw: Version: 0.2-a-29-gd901d54
     0 | D:1      | 0 ||| qw: Game counter: 4014
     0 | D:1      | 0 ||| qw: Always use a shield: true
     0 | D:1      | 0 ||| qw: God list: Okawaru
     0 | D:1      | 0 ||| qw: Allow faded altars: false
     0 | D:1      | 0 ||| qw: Do Orc after D:15 true
     0 | D:1      | 0 ||| qw: Do second Lair branch before Depths: true
     0 | D:1      | 0 ||| qw: Lair rune preference: random
     0 | D:1      | 0 ||| qw: Plans: Normal, Zot:1-4, Slime:5, God:TSO, Crypt,
                  | Tomb, Abyss, Pan, Hells, Win
     0 | D:1      | 0 ||| PLANNING D:1-11
   141 | D:1      | Reached XP level 2. HP: 17/17 MP: 2/2
   251 | D:1      | Found a faded altar of an unknown god.
   577 | D:1      | Reached XP level 3. HP: 21/21 MP: 3/3
   589 | D:1      | Reached skill level 5 in Ranged Weapons
   738 | D:1      | 738 ||| UPGRADING to +2 pair of gloves.
   743 | D:1      | 743 ||| DROPPING ring of magical power.
   744 | D:1      | 744 ||| READING scroll labelled LYNILU KATITA.
   745 | D:1      | 745 ||| READING scroll labelled GAPHUV SUIDE.
   746 | D:1      | 746 ||| READING scroll labelled XAABEIP KYAGE.
   747 | D:1      | 747 ||| DROPPING scroll of butterflies.
   814 | D:2      | 814 ||| FLEEEEING.
   817 | D:2      | 817 ||| FLEEEEING.
   818 | D:2      | 818 ||| FLEEEEING.
   819 | D:2      | 819 ||| FLEEEEING.
   820 | D:2      | 820 ||| FLEEEEING.
   821 | D:2      | 821 ||| FLEEEEING.
   822 | D:2      | 822 ||| FLEEEEING.
   825 | D:2      | 825 ||| FLEEEEING.
   827 | D:2      | 827 ||| STAIRDANCE
   845 | D:2      | 845 ||| STAIRDANCE
   847 | D:2      | 847 ||| STAIRDANCE
   849 | D:2      | 849 ||| STAIRDANCE
   851 | D:2      | 851 ||| STAIRDANCE
   869 | D:1      | Reached skill level 3 in Fighting
   869 | D:1      | Reached XP level 4. HP: 11/28 MP: 4/4
  1011 | D:2      | Found a basalt altar of Yredelemnul.
  1310 | D:2      | Reached XP level 5. HP: 30/32 MP: 5/5
  1672 | D:2      | 1672 ||| UPGRADING to +0 ring mail.
  1682 | D:2      | 1682 ||| DROPPING +0 leather armour.
  1683 | D:2      | 1683 ||| UPGRADING to +4 ring of protection.
  1685 | D:2      | 1685 ||| DRINKING 2 bubbling dark potions.
  1686 | D:2      | 1686 ||| DROPPING potion of enlightenment.
  1732 | D:3      | Found a glowing golden altar of the Shining One.
  1732 | D:3      | Noticed Natasha
  1743 | D:3      | Killed Natasha
  1744 | D:3      | Reached skill level 1 in Armour
  1985 | D:3      | Noticed Jessica
  1992 | D:3      | Killed Jessica
  1993 | D:3      | Reached skill level 6 in Ranged Weapons
  2044 | D:3      | Noticed Robin
  2057 | D:3      | Killed Robin
  2222 | D:3      | Reached XP level 6. HP: 38/38 MP: 6/6
  2222 | D:3      | Found a burning altar of Makhleb.
  2266 | D:3      | Found an ancient bone altar of Kikubaaqudgha.
  2328 | D:3      | 2328 ||| SWAPPING to +0 longbow.
  2329 | D:3      | 2329 ||| DROPPING +1 shortbow.
  2413 | D:3      | Found a runed translucent door.
  2414 | D:3      | Noticed Crazy Yiuf
  2473 | D:3      | Found a sacrificial altar of Ru.
  2713 | D:3      | 2713 ||| UPGRADING to +0 helmet.
  2718 | D:3      | 2718 ||| DROPPING scarf of invisibility.
  2719 | D:3      | 2719 ||| UPGRADING to +6 ring of dexterity.
  2720 | D:3      | 2720 ||| READING scroll labelled ZIHOSE NENK.
  2721 | D:3      | 2721 ||| DRINKING 2 sapphire potions.
  2722 | D:3      | 2722 ||| READING 3 scrolls of identify.
  2722 | D:3      | 2722 ||| IDENTIFYING white potion
  2723 | D:3      | 2723 ||| READING 2 scrolls of identify.
  2723 | D:3      | 2723 ||| IDENTIFYING puce potion
  2724 | D:3      | 2724 ||| DROPPING potion of invisibility.
  2754 | D:4      | 2754 ||| PLANNING OSSUARY
  2857 | D:4      | Found a sand-covered staircase.
  2896 | D:4      | Found a white marble altar of Elyvilon.
  2897 | D:4      | 2897 ||| READING scroll labelled NIJALY CUMYOXTIS.
  2924 | D:3      | Noticed Natasha
  2928 | D:3      | Killed Natasha
  2929 | D:3      | Reached skill level 7 in Ranged Weapons
  3025 | Ossuary  | Entered an ossuary
  3038 | Ossuary  | HP: 5/38 [mummy (7)]
  3039 | Ossuary  | 3039 ||| DRINKING potion of heal wounds.
  3165 | Ossuary  | Reached XP level 7. HP: 43/43 MP: 7/7
  3239 | D:4      | 3239 ||| PLANNING D:1-11
  3449 | D:4      | Reached skill level 8 in Ranged Weapons
  3452 | D:4      | 3452 ||| Stepping ~*~*~tactically~*~*~ (water).
  3484 | D:4      | Reached XP level 8. HP: 47/48 MP: 8/8
  3634 | D:4      | Reached skill level 9 in Ranged Weapons
  4058 | D:4      | 4058 ||| READING scroll labelled IFADGH HOGYITEL.
  4159 | D:4      | 4159 ||| READING scroll labelled YPROIZ XORA.
  4160 | D:4      | 4160 ||| DRINKING 2 sedimented clear potions.
  4161 | D:4      | 4161 ||| DRINKING 2 fizzy green potions.
  4162 | D:4      | 4162 ||| DROPPING potion of brilliance.
  4210 | D:5      | Entered Level 5 of the Dungeon
  4211 | D:5      | Noticed Grinder
  4215 | D:5      | Killed Grinder
  4216 | D:5      | Reached skill level 6 in Fighting
  4223 | D:5      | 4223 ||| DRINKING 2 potions of curing.
  4223 | D:5      | 4223 ||| (to cure confusion)
  4235 | D:5      | 4235 ||| DRINKING potion of curing.
  4235 | D:5      | 4235 ||| (to cure confusion)
  4276 | D:5      | 4276 ||| FLEEEEING.
  4277 | D:5      | 4277 ||| STAIRDANCE
  4345 | D:5      | Reached skill level 10 in Ranged Weapons
  4345 | D:5      | Reached XP level 9. HP: 55/55 MP: 9/9
  4472 | D:5      | Reached skill level 3 in Dodging
  4522 | D:5      | 4522 ||| READING scroll of enchant weapon.
  4522 | D:5      | 4522 ||| ENCHANTING +0 longbow.
  4527 | D:5      | Reached skill level 3 in Armour
  4535 | D:5      | Identified the +0 pair of gloves of Untruth {Str+3}
  4735 | D:5      | Found a sparkling altar of Nemelex Xobeh.
  4823 | D:5      | 4823 ||| DROPPING +0 pair of gloves of Untruth {Str+3}.
  4824 | D:5      | 4824 ||| READING 2 scrolls of identify.
  4824 | D:5      | 4824 ||| IDENTIFYING emerald potion
  4825 | D:5      | 4825 ||| DROPPING potion of ambrosia.
  5234 | D:6      | Identified the +4 hand axe "Keowkel" {venom, Dex+2}
  5552 | D:6      | 5552 ||| UPGRADING to amulet of guardian spirit.
  5557 | D:6      | 5557 ||| DROPPING ring of flight.
  5558 | D:6      | 5558 ||| DROPPING ring of see invisible.
  5559 | D:6      | 5559 ||| DRINKING 3 orange potions.
  5559 | D:6      | Gained mutation: You passively dampen the noise of your
                  | surroundings. [potion of mutation]
  5559 | D:6      | Gained mutation: Your magical capacity is low. (-10% MP)
                  | [potion of mutation]
  5560 | D:6      | 5560 ||| READING 2 scrolls of identify.
  5560 | D:6      | 5560 ||| IDENTIFYING green potion
  5582 | D:7      | 5582 ||| STAIRDANCE
  5610 | D:7      | 5610 ||| STAIRDANCE
  5613 | D:6      | Reached skill level 11 in Ranged Weapons
  5669 | D:7      | 5669 ||| STAIRDANCE
  5854 | D:7      | Found a staircase to the Ecumenical Temple.
  5855 | D:7      | 5855 ||| PLANNING TEMPLE
  5871 | D:7      | Identified the +0 robe of Conoog {Fly rN+}
  5875 | D:7      | 5875 ||| READING scroll labelled UTAK IBREILEO.
  5888 | Temple   | Entered the Ecumenical Temple
  5888 | Temple   | Found a transporter.
  5888 | Temple   | Found a transporter.
  5890 | Temple   | Found a transporter.
  5890 | Temple   | Found a transporter.
  5900 | Temple   | 5900 ||| PLANNING D:1-11
  5900 | Temple   | 5900 ||| UPGRADING to +0 robe of Conoog {Fly rN+}.
  5979 | D:7      | Noticed Joseph
  5986 | D:7      | Killed Joseph
  5987 | D:7      | Reached XP level 10. HP: 59/64 MP: 7/9
  6454 | D:7      | 6454 ||| READING scroll labelled ZUWKOT PIVU.
  6499 | D:8      | Found a broken altar of Ashenzari.
  6505 | D:8      | Noticed a six-headed hydra
  6512 | D:8      | Killed a six-headed hydra
  6513 | D:8      | Reached skill level 12 in Ranged Weapons
  6554 | D:8      | 6554 ||| FLEEEEING.
  6555 | D:8      | 6555 ||| FLEEEEING.
  6599 | D:8      | Found Baisoecu's Assorted Antiques.
  6628 | D:8      | 6628 ||| BUYING 2 potions of curing (132 gold).
  6628 | D:8      | Bought 2 potions of curing for 132 gold pieces
  6628 | D:8      | 6628 ||| BUYING glass ring (110 gold).
  6628 | D:8      | Bought a glass ring for 110 gold pieces
  6628 | D:8      | 6628 ||| BUYING glowing jade ring (110 gold).
  6628 | D:8      | Bought a glowing jade ring for 110 gold pieces
  6628 | D:8      | 6628 ||| BUYING scroll of identify (44 gold).
  6628 | D:8      | Bought a scroll of identify for 44 gold pieces
  6628 | D:8      | 6628 ||| BUYING short copper wand (88 gold).
  6628 | D:8      | Bought a short copper wand for 88 gold pieces
  6643 | D:8      | Found a staircase to the Lair.
  6653 | D:8      | Found a radiant altar of Vehumet.
  6664 | D:8      | 6664 ||| FLEEEEING.
  6738 | D:8      | Found an iron altar of Okawaru.
  6739 | D:8      | 6739 ||| PLANNING OKAWARU WORSHIP
  6739 | D:8      | 6739 ||| DROPPING ring of fire.
  6740 | D:8      | 6740 ||| DROPPING wand of polymorph (1).
  6748 | D:8      | Became a worshipper of Warmaster Okawaru
  6748 | D:8      | 6748 ||| PLANNING D:1-11
  6749 | D:8      | 6749 ||| REMOVING amulet of guardian spirit.
  6839 | D:8      | Found a stormy altar of Qazlal.
  6962 | D:8      | 6962 ||| Stepping ~*~*~tactically~*~*~ (outnumbered).
  6992 | D:8      | 6992 ||| Stepping ~*~*~tactically~*~*~ (cloud).
  6994 | D:8      | 6994 ||| FLEEEEING.
  6998 | D:8      | 6998 ||| FLEEEEING.
  6999 | D:8      | 6999 ||| FLEEEEING.
  7000 | D:8      | 7000 ||| FLEEEEING.
  7001 | D:8      | 7001 ||| FLEEEEING.
  7002 | D:8      | 7002 ||| Stepping ~*~*~tactically~*~*~ (cloud).
  7120 | D:8      | Noticed a two-headed ogre
  7123 | D:8      | 7123 ||| FLEEEEING.
  7124 | D:8      | 7124 ||| FLEEEEING.
  7125 | D:8      | 7125 ||| FLEEEEING.
  7126 | D:8      | 7126 ||| FLEEEEING.
  7127 | D:8      | 7127 ||| FLEEEEING.
  7128 | D:8      | 7128 ||| FLEEEEING.
  7129 | D:8      | 7129 ||| FLEEEEING.
  7130 | D:8      | 7130 ||| FLEEEEING.
  7131 | D:8      | 7131 ||| FLEEEEING.
  7133 | D:8      | 7133 ||| FLEEEEING.
  7134 | D:8      | 7134 ||| FLEEEEING.
  7135 | D:8      | 7135 ||| FLEEEEING.
  7136 | D:8      | 7136 ||| FLEEEEING.
  7137 | D:8      | 7137 ||| FLEEEEING.
  7138 | D:8      | 7138 ||| FLEEEEING.
  7139 | D:8      | 7139 ||| FLEEEEING.
  7140 | D:8      | 7140 ||| FLEEEEING.
  7143 | D:8      | 7143 ||| FLEEEEING.
  7145 | D:8      | 7145 ||| FLEEEEING.
  7146 | D:8      | 7146 ||| FLEEEEING.
  7149 | D:8      | 7149 ||| FLEEEEING.
  7152 | D:8      | 7152 ||| FLEEEEING.
  7153 | D:8      | 7153 ||| FLEEEEING.
  7154 | D:8      | 7154 ||| FLEEEEING.
  7155 | D:8      | 7155 ||| FLEEEEING.
  7156 | D:8      | 7156 ||| FLEEEEING.
  7157 | D:8      | 7157 ||| FLEEEEING.
  7158 | D:8      | 7158 ||| STAIRDANCE
  7249 | D:7      | 7249 ||| READING scroll labelled BUIBLAE FANUOZ.
  7257 | D:8      | Killed a two-headed ogre
  7257 | D:8      | Reached * piety under Okawaru
  7258 | D:8      | Reached skill level 13 in Ranged Weapons
  7291 | D:8      | 7291 ||| FLEEEEING.
  7292 | D:8      | 7292 ||| STAIRDANCE
  7430 | D:8      | Noticed a centaur warrior
  7433 | D:8      | 7433 ||| INVOKING Heroism.
  7439 | D:8      | Killed a centaur warrior
  7440 | D:8      | Reached XP level 11. HP: 21/69 MP: 7/11
  7607 | D:8      | 7607 ||| INVOKING Heroism.
  7612 | D:8      | Reached skill level 9 in Fighting
  7612 | D:8      | Reached skill level 3 in Invocations
  7947 | D:8      | Noticed a manticore
  7947 | D:8      | Noticed a manticore
  7948 | D:8      | 7948 ||| INVOKING Heroism.
  7949 | D:8      | 7949 ||| Stepping ~*~*~tactically~*~*~ (outnumbered).
  7964 | D:8      | 7964 ||| INVOKING Heroism.
  7965 | D:8      | 7965 ||| Stepping ~*~*~tactically~*~*~ (outnumbered).
  7981 | D:8      | 7981 ||| INVOKING Heroism.
  7982 | D:8      | 7982 ||| Stepping ~*~*~tactically~*~*~ (outnumbered).
  7997 | D:8      | 7997 ||| Stepping ~*~*~tactically~*~*~ (outnumbered).
  7999 | D:8      | 7999 ||| Stepping ~*~*~tactically~*~*~ (outnumbered).
  8001 | D:8      | 8001 ||| Stepping ~*~*~tactically~*~*~ (outnumbered).
  8009 | D:8      | Killed a manticore
  8010 | D:8      | 8010 ||| INVOKING Heroism.
  8014 | D:8      | Killed a manticore
  8186 | D:8      | 8186 ||| PLANNING LAIR
  8258 | Lair:1   | Entered Level 1 of the Lair of Beasts
  8280 | Lair:1   | 8280 ||| INVOKING Heroism.
  8295 | Lair:1   | HP: 17/71 [cane toad (11)]
  8296 | Lair:1   | 8296 ||| READING scroll of teleportation.
  8297 | Lair:1   | 8297 ||| DRINKING potion of heal wounds.
  8490 | Lair:1   | 8490 ||| INVOKING Heroism.
  8498 | Lair:1   | Reached skill level 14 in Ranged Weapons
  8652 | Lair:1   | Reached ** piety under Okawaru
  8658 | Lair:1   | 8658 ||| INVOKING Heroism.
  8681 | Lair:1   | Reached skill level 6 in Dodging
  8727 | Lair:1   | Noticed a catoblepas
  8728 | Lair:1   | 8728 ||| INVOKING Heroism.
  8749 | Lair:1   | Killed a catoblepas
  8755 | Lair:1   | 8755 ||| INVOKING Heroism.
  8759 | Lair:1   | HP: 10/72 [komodo dragon (20)]
  8765 | Lair:1   | HP: 10/72 [bullfrog (2)]
  8822 | Lair:1   | 8822 ||| INVOKING Heroism.
  8983 | Lair:1   | 8983 ||| READING scroll of enchant armour.
  8983 | Lair:1   | 8983 ||| ENCHANTING +0 helmet.
  9115 | Lair:1   | Reached *** piety under Okawaru
  9116 | Lair:1   | Reached XP level 12. HP: 77/77 MP: 13/13
  9125 | Lair:1   | 9125 ||| INVOKING Heroism.
  9134 | Lair:1   | Reached skill level 15 in Ranged Weapons
  9521 | Lair:1   | 9521 ||| UPGRADING to +0 pair of boots.
  9526 | Lair:1   | 9526 ||| READING scroll labelled CYAL MURAH.
  9527 | Lair:1   | 9527 ||| READING 4 scrolls of identify.
  9527 | Lair:1   | 9527 ||| IDENTIFYING ruby potion
  9546 | Lair:2   | 9546 ||| INVOKING Heroism.
  9707 | Lair:2   | 9707 ||| INVOKING Heroism.
  9728 | Lair:2   | Noticed a death yak
  9733 | Lair:2   | Noticed a death yak
  9737 | Lair:2   | Noticed a death yak
  9739 | Lair:2   | Reached **** piety under Okawaru
  9740 | Lair:2   | Reached skill level 16 in Ranged Weapons
  9744 | Lair:2   | Killed a death yak
  9744 | Lair:2   | Noticed a death yak
  9745 | Lair:2   | 9745 ||| INVOKING Heroism.
  9754 | Lair:2   | Killed a death yak
  9754 | Lair:2   | HP: 16/77 [death yak (7)]
  9755 | Lair:2   | 9755 ||| DRINKING potion of heal wounds.
  9763 | Lair:2   | HP: 7/77 [death yak (14)]
  9765 | Lair:2   | Slain by a death yak

Levels and vault maps discovered:
D:1:      matt_arrival_los_fun, layout_basic,
          shapermc_ecumenical_altar_mp_vishouse, serial_forest,
          infiniplex_forest_lined_ring, infiniplex_forest_clump_small,
          infiniplex_forest_clump_long, infiniplex_forest_lined_room_2,
          infiniplex_forest_lined_corner, infiniplex_forest_clump_tiny,
          infiniplex_forest_clump_long, minmay_close_crescents
D:2:      layout_loops_ring, basic_altar, corner_web_ring, minmay_liquid_box
D:3:      layout_loops_ring, nicolae_ru_the_path_less_chosen,
          amcnicky_altar_gilded, mainiacjoe_overflow_catch_the_wave,
          uniq_crazy_yiuf_cottage, uniq_robin, uniq_natasha, uniq_jessica
D:4:      lemuel_castle_with_subvaults [lemuel_castle_interior_carwin_2],
          layout_basic, elyvilon_altar_5, nicolae_ossuary_entry_false_entrances
D:5:      layout_layer_cave, nemelex_dance_club_becter, uniq_grinder
D:6:      nicolae_cairo_tiling_very_big, layout_gridville
D:7:      layout_basic, minmay_temple_entry_statues, chequers_garden,
          uniq_joseph
D:8:      minmay_diamond_stairs, layout_loops_ring, ashenzari_altar_1,
          nicolae_qazlal_eye_of_the_storm, kennysheep_mini,
          mainiacjoe_overflow_catwalk, serial_shops, shop, kennysheep_dice
Temple:   hellmonk_temple_divided_pantheon
Lair:1:   layout_misc_corridors, nicolae_volcano_entry_hallway,
          grunt_megastairs_2
Lair:2:   layout_layer_cave, dummy_snake_entry, grunt_megastairs_3,
          lemuel_fruit_tree

Skill      XL: |  1  2  3  4  5  6  7  8  9 10 11 12 |
---------------+-------------------------------------+-----
Ranged Weapons | 5 6 7 8 10 11 13 14 16 | 16.0
Fighting       | 3 4 6 8 10 | 10.0
Armour         | 1 2 3 |  3.0
Dodging        | 2 4 5 6 |  6.4
Invocations    | 2 4 5 |  5.0
Stealth        | |  1.1

Action                     |  1- 3 |  4- 6 |  7- 9 | 10-12 || total
---------------------------+-------+-------+-------+-------++-------
   Fire: Shortbow          |   100 |   161 |       |       ||   261
         Longbow           |       |    82 |   369 |   387 ||   838
 Invoke: Heroism           |       |       |       |    16 ||    16
    Use: Scroll            |     3 |     4 |     6 |     6 ||    19
         Potion            |       |     3 |     5 |     2 ||    10
 Armour: Leather armour    |    26 |    12 |       |       ||    38
         Ring mail         |       |    59 |   193 |       ||   252
         Robe              |       |       |     2 |    71 ||    73
  Dodge: Dodged            |    25 |    88 |   193 |   129 ||   435

Table legend:
 A = Non-vault XP
 B = Vault XP
 C = Vault XP percentage of total XP
 D = Non-vault monster count
 E = Vault monster count
 F = Vault count percentage of total count
                 A         B        C        D         E       F
            +---------+---------+-------+---------+---------+-------
      Total |   16166 |    9187 |  36.2 |     212 |     105 |  33.1
            +---------+---------+-------+---------+---------+-------
        D:1 |      67 |       8 |  10.7 |      22 |       4 |  15.4
        D:2 |     105 |       0 |   0.0 |      25 |       0 |   0.0
        D:3 |     103 |     100 |  49.3 |      25 |       9 |  26.5
        D:4 |     327 |     733 |  69.2 |      30 |      51 |  63.0
        D:5 |     841 |     401 |  32.3 |      25 |       3 |  10.7
        D:6 |     711 |       0 |   0.0 |      11 |       0 |   0.0
        D:7 |     991 |     481 |  32.7 |      13 |       1 |   7.1
        D:8 |    1172 |    4713 |  80.1 |      18 |      10 |  35.7
     Lair:1 |    8954 |     937 |   9.5 |      32 |       4 |  11.1
     Lair:2 |    2895 |    1634 |  36.1 |      11 |       2 |  15.4
    Ossuary |       0 |     180 | 100.0 |       0 |      21 | 100.0
            +---------+---------+-------+---------+---------+-------
